[Event "17th Asian Continental-ch Open 2018"]
[Site "Makati City"]
[Date "2018.12.13"]
[Round "4.29"]
[White "Bai, Adelard"]
[Black "Wang, Shixu B"]
[Result "0-1"]
[ECO "A00"]
[WhiteElo "2100"]
[BlackElo "2342"]
[PlyCount "76"]
[EventDate "2018.12.07"]
[EventType "swiss"]
[EventRounds "9"]
[EventCountry "PHI"]
[TimeControl "40/5400+30:1800+30"]

1. d4 Nf6 2. c4 e6 3. g3 Bb4+ 4. Bd2 c5 5. Bxb4 cxb4 6. Bg2 O-O 7. e4 d6 8. Ne2 e5 9. a3 Qb6 10. O-O Bg4 11. f3 Be6 12. b3 Nc6 13. axb4 exd4 14. Kh1 Qxb4 15. Nxd4 Nxd4 16. Qxd4 Qxb3 17. Nd2 Qb6 18. Qxb6 axb6 19. Rfb1 Nd7 20. Bf1 Ra6 21. f4 g6 22. Nf3 Rfa8 23. Rxa6 bxa6 24. Nd4 Rc8 25. c5 Rxc5 26. Bxa6 Bh3 27. Nf3 Rc2 28. Ne1 Rc3 29. Nd3 Bg4 30. Re1 Ra3 31. Bc4 Nc5 32. Nxc5 dxc5 33. Rb1 Ra4 34. Bd5 Rb4 35. Ra1 Bf3+ 36. Kg1 Bxe4 37. Ra8+ Kg7 38. Ba2 Bxa8 0-1

[Event "17th Asian Continental-ch Open 2018"]
[Site "Makati City"]
[Date "2018.12.13"]
[Round "4.30"]
[White "Nouri, Alekhine"]
[Black "Young, Angelo"]
[Result "1-0"]
[ECO "A00"]
[WhiteElo "2013"]
[BlackElo "2282"]
[PlyCount "123"]
[EventDate "2018.12.07"]
[EventType "swiss"]
[EventRounds "9"]
[EventCountry "PHI"]
[TimeControl "40/5400+30:1800+30"]

1. e4 c5 2. Nf3 Nc6 3. d4 cxd4 4. Nxd4 Qb6 5. Nb3 g6 6. Nc3 Bg7 7. Nd5 Qd8 8. h4 h5 9. c3 e6 10. Nf4 Nf6 11. Bd3 O-O 12. O-O b6 13. Nh3 Ne5 14. Bc2 Bb7 15. Ng5 Qc7 16. Bf4 Rfd8 17. Nd4 Ba6 18. Re1 Rac8 19. Bb3 Qc5 20. Bc2 Nfg4 21. Bg3 Nc4 22. Nb3 Qe7 23. Rb1 Bb7 24. Nd4 d5 25. e5 Na5 26. f4 Nc6 27. Ndxe6 fxe6 28. Bxg6 Rf8 29. Bxh5 Nh6 30. Bg6 d4 31. cxd4 Rcd8 32. Be4 Nxd4 33. Bxb7 Qxb7 34. Qh5 Rf5 35. Qg6 Rxg5 36. fxg5 Qf7 37. Qxf7+ Nxf7 38. Re4 Rd5 39. Rbe1 Kh7 40. Kf2 Nf5 41. Bf4 Kg6 42. h5+ Kxh5 43. g4+ Kg6 44. gxf5+ Kxf5 45. g6 Nh8 46. Ke3 Kxg6 47. Rd4 Rxd4 48. Kxd4 Bf8 49. Ke4 Nf7 50. Rg1+ Kh7 51. Rc1 Bc5 52. b4 Bxb4 53. Rc7 Kg6 54. Rxa7 Bc5 55. a4 Bf2 56. Ra6 Nd8 57. Be3 Bxe3 58. Kxe3 Kf5 59. Rxb6 Nf7 60. a5 Nxe5 61. Rb5 Kf6 62. Rxe5 1-0

[Event "17th Asian Continental-ch Open 2018"]
[Site "Makati City"]
[Date "2018.12.13"]
[Round "4.31"]
[White "Schain, Randolph"]
[Black "Pangilinan, Stephen Rome"]
[Result "0-1"]
[ECO "A00"]
[WhiteElo "2229"]
[BlackElo "2276"]
[PlyCount "100"]
[EventDate "2018.12.07"]
[EventType "swiss"]
[EventRounds "9"]
[EventCountry "PHI"]
[TimeControl "40/5400+30:1800+30"]

1. d4 d5 2. Nc3 Bf5 3. Nf3 e6 4. g3 h6 5. Bg2 Nf6 6. O-O Nbd7 7. Bf4 c6 8. Re1 Be7 9. Ne5 O-O 10. e4 Bh7 11. Qe2 Bb4 12. Nxd7 Nxd7 13. a3 Bxc3 14. bxc3 Bxe4 15. Bxe4 dxe4 16. Qxe4 Nb6 17. Rab1 Qd7 18. Qd3 Rfd8 19. Re4 Rac8 20. Rbe1 c5 21. Be5 f5 22. R4e2 cxd4 23. cxd4 Nc4 24. Qf3 Rc6 25. c3 Nxa3 26. g4 Rf8 27. Bf4 Qd5 28. Qg3 fxg4 29. Bc1 Nc4 30. Re4 h5 31. Qh4 Rf7 32. Re5 Nxe5 33. Rxe5 Qf3 34. Rxh5 Qd1+ 35. Kg2 Qf3+ 36. Kg1 Rf5 37. Qd8+ Rf8 38. Qh4 Qd1+ 39. Kg2 Qf3+ 40. Kg1 Kf7 41. Ba3 Re8 42. Rg5 Qd1+ 43. Kg2 Qf3+ 44. Kg1 Qh3 45. Rxg7+ Kxg7 46. Qg5+ Kh7 47. d5 exd5 48. Qf5+ Kh8 49. Be7 Qh6 50. Qxd5 Re6 0-1

[Event "17th Asian Continental-ch Open 2018"]
[Site "Makati City"]
[Date "2018.12.13"]
[Round "4.32"]
[White "Orio, Rogelio L."]
[Black "Gong, Daniel Hanwen"]
[Result "0-1"]
[ECO "A00"]
[WhiteElo "1791"]
[BlackElo "2270"]
[PlyCount "92"]
[EventDate "2018.12.07"]
[EventType "swiss"]
[EventRounds "9"]
[EventCountry "PHI"]
[TimeControl "40/5400+30:1800+30"]

1. d4 d6 2. c3 g6 3. Bg5 Bg7 4. e4 Nf6 5. Nd2 O-O 6. Be2 c5 7. d5 e6 8. h4 exd5 9. exd5 h6 10. Bxf6 Qxf6 11. Ne4 Qe7 12. f3 f5 13. Ng3 Bf6 14. Qa4 b5 15. Qf4 Be5 16. Qxh6 Bxg3+ 17. Kd2 Rf6 18. Bxb5 f4 19. Ne2 Bf2 20. a3 Bf5 21. Rae1 Qb7 22. Nd4 Be3+ 23. Rxe3 fxe3+ 24. Qxe3 cxd4 25. Qxd4 Qxb5 26. c4 Qa5+ 27. b4 Qxa3 28. Qxf6 Qxb4+ 29. Ke3 Nd7 30. Qd4 Qc5 31. Qxc5 Nxc5 32. g4 Bd3 33. Kd4 a5 34. h5 gxh5 35. Rxh5 a4 36. Rh1 a3 37. Kc3 a2 38. Ra1 Be2 39. f4 Ra3+ 40. Kb2 Rb3+ 41. Kc2 Bd3+ 42. Kd2 Bxc4 43. Rc1 Rb1 44. Rxc4 a1=Q 45. f5 Qb2+ 46. Rc2 Qd4+ 0-1

[Event "17th Asian Continental-ch Open 2018"]
[Site "Makati City"]
[Date "2018.12.14"]
[Round "5.11"]
[White "Wen, Yang"]
[Black "Taher, Yoseph Theolifus"]
[Result "1-0"]
[ECO "A00"]
[WhiteElo "2604"]
[BlackElo "2454"]
[PlyCount "61"]
[EventDate "2018.12.07"]
[EventType "swiss"]
[EventRounds "9"]
[EventCountry "PHI"]
[TimeControl "40/5400+30:1800+30"]

1. e4 e5 2. Nf3 Nf6 3. Nxe5 d6 4. Nf3 Nxe4 5. Nc3 Nf6 6. d4 Be7 7. Bd3 O-O 8. O-O Bg4 9. h3 Bh5 10. Re1 Re8 11. d5 a6 12. a4 Bf8 13. Rxe8 Qxe8 14. g4 Bg6 15. Bxg6 hxg6 16. Bf4 c6 17. Ra3 Nxd5 18. Nxd5 cxd5 19. Qxd5 Nc6 20. Re3 Qd7 21. c3 Rd8 22. Ng5 Ne5 23. Bg3 Qc7 24. b3 Rc8 25. Bxe5 dxe5 26. Rf3 Rd8 27. Rxf7 Rxd5 28. Rxc7 e4 29. h4 e3 30. fxe3 Rd3 31. Rxb7 1-0

[Event "17th Asian Continental-ch Open 2018"]
[Site "Makati City"]
[Date "2018.12.14"]
[Round "5.18"]
[White "Chen, Qi b"]
[Black "Laylo, Darwin"]
[Result "1/2-1/2"]
[ECO "A00"]
[WhiteElo "2437"]
[BlackElo "2438"]
[PlyCount "94"]
[EventDate "2018.12.07"]
[EventType "swiss"]
[EventRounds "9"]
[EventCountry "PHI"]
[TimeControl "40/5400+30:1800+30"]

1. e4 c6 2. Nc3 d5 3. Nf3 Bg4 4. h3 Bh5 5. exd5 cxd5 6. Bb5+ Nc6 7. g4 Bg6 8. Ne5 Rc8 9. d4 e6 10. Qe2 Bd6 11. Nxg6 hxg6 12. Nxd5 Kf8 13. Bxc6 Rxc6 14. Nc3 Bb4 15. Bd2 Qxd4 16. O-O-O Qc4 17. Qf3 Nf6 18. a3 Be7 19. Rhe1 a5 20. Kb1 Kg8 21. g5 Nh5 22. Re4 Qc5 23. Be3 Qf5 24. Qxf5 gxf5 25. Ra4 f4 26. Bxf4 Nxf4 27. Rxf4 Bxg5 28. Rg4 Bh6 29. Rd7 f5 30. Rg1 b6 31. Ne2 e5 32. Re7 e4 33. Nd4 Rf6 34. Re5 Bf4 35. Rxf5 Kf7 36. Re1 Rxf5 37. Nxf5 Kf6 38. Nd4 Re8 39. c3 g5 40. Kc2 Ke5 41. Nf3+ Kf5 42. Nd2 Rh8 43. Nxe4 Rxh3 44. a4 Kg4 45. Rg1+ Kf5 46. Re1 Kg4 47. Rg1+ Kf5 1/2-1/2

[Event "17th Asian Continental-ch Open 2018"]
[Site "Makati City"]
[Date "2018.12.14"]
[Round "5.26"]
[White "Song, Yuxin"]
[Black "Garcia, Jan Emmanuel"]
[Result "1/2-1/2"]
[ECO "A00"]
[WhiteElo "2206"]
[BlackElo "2429"]
[PlyCount "137"]
[EventDate "2018.12.07"]
[EventType "swiss"]
[EventRounds "9"]
[EventCountry "PHI"]
[TimeControl "40/5400+30:1800+30"]

1. e4 e5 2. Nf3 Nc6 3. Bb5 Nf6 4. O-O Nxe4 5. Re1 Nd6 6. Nxe5 Nxe5 7. Rxe5+ Be7 8. Bf1 O-O 9. d4 Bf6 10. Re1 Nf5 11. c3 d5 12. Bf4 Nh4 13. Nd2 c6 14. Nf3 Bg4 15. Be2 Re8 16. Nxh4 Bxe2 17. Rxe2 Bxh4 18. Rxe8+ Qxe8 19. Qd2 Be7 20. Re1 Qd7 21. Qe3 Bf8 22. Qe5 Rc8 23. h3 a5 24. Qh5 b5 25. Qg4 Qxg4 26. hxg4 f6 27. g5 fxg5 28. Bxg5 Kf7 29. a3 b4 30. axb4 axb4 31. Ra1 Ke6 32. Bf4 Kf5 33. Be5 bxc3 34. bxc3 Ke4 35. Re1+ Kd3 36. Re3+ Kc4 37. Rh3 h6 38. Rg3 g5 39. f4 gxf4 40. Bxf4 Ra8 41. Rh3 Ra1+ 42. Kf2 Ra2+ 43. Kf1 Ra1+ 44. Kf2 Ra2+ 45. Kf1 Rc2 46. Bxh6 Ba3 47. Bg7 Bb2 48. Rh6 Bxc3 49. Rxc6+ Kd3 50. Rc5 Rc1+ 51. Kf2 Ke4 52. Kg3 Be1+ 53. Kg4 Rc4 54. Rxc4 dxc4 55. d5 Bb4 56. Kh5 Bd6 57. g4 Kxd5 58. g5 Be5 59. Bf8 c3 60. g6 c2 61. Ba3 Bg7 62. Kg5 Kc4 63. Bc1 Kd3 64. Kf5 Ke2 65. Ke6 Kd1 66. Bg5 Bc3 67. Kf7 Bd2 68. Bxd2 Kxd2 69. g7 1/2-1/2

[Event "17th Asian Continental-ch Open 2018"]
[Site "Makati City"]
[Date "2018.12.14"]
[Round "5.27"]
[White "Concio, Michael Jr."]
[Black "Ervan, Mohamad"]
[Result "0-1"]
[ECO "A00"]
[WhiteElo "2034"]
[BlackElo "2357"]
[PlyCount "70"]
[EventDate "2018.12.07"]
[EventType "swiss"]
[EventRounds "9"]
[EventCountry "PHI"]
[TimeControl "40/5400+30:1800+30"]

1. e4 c5 2. Nc3 e6 3. Nge2 a6 4. g3 b5 5. Bg2 Bb7 6. O-O Nf6 7. d3 d5 8. exd5 Nxd5 9. Nxd5 Bxd5 10. Bxd5 Qxd5 11. d4 Nc6 12. dxc5 Qxd1 13. Rxd1 Bxc5 14. Bf4 Ke7 15. Rd2 Rhd8 16. Rad1 Rxd2 17. Bxd2 f6 18. Bc3 Rc8 19. Kg2 e5 20. f4 b4 21. Be1 Ke6 22. c3 bxc3 23. Bxc3 Nb4 24. fxe5 fxe5 25. Re1 Kd5 26. Rd1+ Ke4 27. Nc1 Nc2 28. Rd7 Ne3+ 29. Kf2 Nd5+ 30. Ke2 Nxc3+ 31. bxc3 Be3 32. Nb3 Rxc3 33. Nd2+ Bxd2 34. Rxd2 g5 35. Kf2 h5 0-1

[Event "17th Asian Continental-ch Open 2018"]
[Site "Makati City"]
[Date "2018.12.14"]
[Round "5.31"]
[White "Young, Angelo"]
[Black "Schain, Randolph"]
[Result "1-0"]
[ECO "A00"]
[WhiteElo "2282"]
[BlackElo "2229"]
[PlyCount "58"]
[EventDate "2018.12.07"]
[EventType "swiss"]
[EventRounds "9"]
[EventCountry "PHI"]
[TimeControl "40/5400+30:1800+30"]

1. d4 Nf6 2. Nf3 g6 3. c4 Bg7 4. Nc3 O-O 5. Bg5 d6 6. e3 c5 7. Be2 Nc6 8. d5 Ne5 9. Nxe5 dxe5 10. e4 Ne8 11. h4 h6 12. Be3 b6 13. Qd2 Kh7 14. g3 Nd6 15. O-O-O a6 16. h5 g5 17. f4 exf4 18. gxf4 g4 19. Bd3 f5 20. e5 Nb7 21. Kb1 e6 22. Qg2 Kh8 23. dxe6 Rb8 24. Bxf5 Qe8 25. Bxg4 Bxe6 26. Rhg1 Rg8 27. Bxe6 Qxe6 28. Qg6 Qh3 29. Rg3 Qh4 1-0

[Event "17th Asian Continental-ch Open 2018"]
[Site "Makati City"]
[Date "2018.12.14"]
[Round "5.32"]
[White "Bai, Adelard"]
[Black "Orio, Rogelio L."]
[Result "1-0"]
[ECO "A00"]
[WhiteElo "2100"]
[BlackElo "1791"]
[PlyCount "119"]
[EventDate "2018.12.07"]
[EventType "swiss"]
[EventRounds "9"]
[EventCountry "PHI"]
[TimeControl "40/5400+30:1800+30"]

1. d4 d6 2. e4 Nf6 3. Nc3 g6 4. f4 Bg7 5. Nf3 c5 6. d5 a6 7. a4 O-O 8. Be2 Nbd7 9. O-O Rb8 10. a5 b5 11. axb6 Rxb6 12. Nd2 Nb8 13. Nc4 Rb4 14. Bd2 Qc7 15. e5 Ng4 16. Ne4 f5 17. Bxb4 cxb4 18. exd6 exd6 19. Nexd6 Qc5+ 20. Kh1 Nf2+ 21. Rxf2 Qxf2 22. Nxc8 Rxc8 23. Nd6 Rd8 24. Nb7 Rd7 25. d6 Bxb2 26. Rb1 Bc3 27. Qd5+ Kg7 28. Bc4 Qxf4 29. Nc5 Qxd6 30. Qg8+ Kh6 31. Nxd7 Nxd7 32. Qd8 Bf6 33. Qa5 Bc3 34. Qxa6 Qd2 35. Qe6 Ne5 36. Bb3 Ng4 37. h3 Nf2+ 38. Kh2 Ne4 39. Rf1 Ng5 40. Qe7 Qd4 41. Qf8+ Kh5 42. Qe7 Kh6 43. Qe2 Qd6+ 44. g3 Ne4 45. Qe3+ Kg7 46. Kg2 Bd4 47. Qd3 Qe5 48. Rd1 Bc5 49. Re1 h5 50. Bd5 Qc3 51. Qxc3+ Nxc3 52. Bc6 Kf6 53. h4 Bd6 54. Kf3 g5 55. hxg5+ Kxg5 56. Re6 Bc7 57. Be8 f4 58. Rc6 Bb8 59. gxf4+ Kf5 60. Bg6# 1-0

[Event "17th Asian Continental-ch Open 2018"]
[Site "Makati City"]
[Date "2018.12.18"]
[Round "9"]
[White "Maghsoodloo, Parham"]
[Black "Vidit, Santosh Gujrathi"]
[Result "1/2-1/2"]
[ECO "A34"]
[WhiteElo "2688"]
[BlackElo "2701"]
[Annotator "ChessBase"]
[PlyCount "111"]
[EventDate "2018.12.07"]
[EventType "swiss"]
[EventRounds "9"]
[EventCountry "PHI"]
[SourceTitle "playchess.com"]
[Source "ChessBase"]
[SourceQuality "1"]
[TimeControl "40/5400+30:1800+30"]

1. Nf3 Nf6 2. c4 c5 3. Nc3 Nc6 4. g3 d5 5. cxd5 Nxd5 6. Bg2 g6 7. h4 Bg7 8. h5 Bf5 9. Qa4 Ndb4 10. O-O Qa5 11. d3 Qxa4 12. Nxa4 c4 13. dxc4 Nc2 14. Rb1 Na3 15. Ra1 Nxc4 16. h6 Bf6 17. Bg5 Bxb2 18. Nxb2 Nxb2 19. Nh4 Bc8 20. Rfc1 f6 21. Be3 Kf7 22. Bd5+ Be6 23. Bxe6+ Kxe6 24. Rab1 Na4 25. Rxb7 Rhc8 26. Nf3 Kf7 27. g4 Nb6 28. g5 Rab8 29. Rxb8 Nxb8 30. Rb1 N8d7 31. a4 Nxa4 32. Rb7 Ke8 33. Rxa7 Nc3 34. Kf1 Ne4 35. gxf6 exf6 36. Nd4 Nd6 37. Bd2 Nf7 38. Ne6 Ke7 39. Nf4 g5 40. Bb4+ Ke8 41. Nd5 Nxh6 42. Nc7+ Kd8 43. e4 Nf7 44. Ne6+ Ke8 45. Ng7+ Kd8 46. Ne6+ Ke8 47. Nc7+ Kd8 48. Nd5 Ke8 49. f3 Rb8 50. Bc3 Nfe5 51. Nxf6+ Nxf6 52. Bxe5 Rb6 53. Bd4 Rd6 54. Be3 h6 55. Kf2 Nd7 56. f4 1/2-1/2

[Event "17th Asian Continental-ch Open 2018"]
[Site "Makati City"]
[Date "2018.12.18"]
[Round "9"]
[White "Nguyen, Ngoc Truong Son"]
[Black "Sethuraman, S.P."]
[Result "1/2-1/2"]
[ECO "E36"]
[WhiteElo "2641"]
[BlackElo "2664"]
[Annotator "ChessBase"]
[PlyCount "139"]
[EventDate "2018.12.07"]
[EventType "swiss"]
[EventRounds "9"]
[EventCountry "PHI"]
[SourceTitle "playchess.com"]
[Source "ChessBase"]
[SourceQuality "1"]
[TimeControl "40/5400+30:1800+30"]

1. d4 Nf6 2. c4 e6 3. Nc3 Bb4 4. Qc2 O-O 5. a3 Bxc3+ 6. Qxc3 d5 7. Nf3 dxc4 8. Qxc4 b6 9. Bg5 Bb7 10. e3 Nbd7 11. Be2 c5 12. O-O h6 13. Bh4 g5 14. Bg3 Ne4 15. Rad1 Nxg3 16. hxg3 Qe7 17. Rd2 Rfc8 18. Ne5 Bd5 19. Qa4 Nxe5 20. dxe5 c4 21. e4 Bxe4 22. Bxc4 Rc5 23. Re1 Bc6 24. Qb3 Rd8 25. Rxd8+ Qxd8 26. Qd3 Qxd3 27. Bxd3 g4 28. Re3 Rc1+ 29. Kh2 Rd1 30. Be2 Rd2 31. b4 h5 32. Kg1 Kg7 33. f3 Bd5 34. fxg4 hxg4 35. Bxg4 Rxg2+ 36. Kf1 Rb2 37. Ke1 Kg6 38. Be2 Kf5 39. Bh5 f6 40. exf6 Kxf6 41. Bf3 Bb3 42. Be2 a5 43. bxa5 bxa5 44. Bd3 Bd5 45. Be4 a4 46. Kd1 Bb3+ 47. Kc1 Rh2 48. Bd3 Rg2 49. Be4 Rh2 50. Bd3 Rf2 51. Be2 Rg2 52. Bd3 e5 53. Be4 Ra2 54. Rf3+ Ke6 55. g4 Re2 56. Bd3 Re1+ 57. Kd2 Ra1 58. g5 Kd5 59. Rf8 Kd4 60. Rd8+ Bd5 61. Bb5 Ra2+ 62. Ke1 Kc5 63. Bxa4 Rxa3 64. Bc2 Rg3 65. g6 Rg1+ 66. Kf2 Rg2+ 67. Ke3 Rg3+ 68. Kf2 Rg2+ 69. Ke3 Rg3+ 70. Kf2 1/2-1/2